 Dungeon Crawl Stone Soup version 0.21-a0-621-gc60411f (webtiles) character file.

9256 tidbits the Summoner (level 11, -2/81 HPs)
             Began as a Gnoll Summoner on Dec 23, 2017.
             Was the Champion of Cheibriados.
             Shot with a bolt by an orc knight (20 damage)
             ... on level 2 of the Orcish Mines on Dec 24, 2017.
             The game lasted 00:55:56 (4163 turns).

tidbits the Summoner (Gnoll Summoner)               Turns: 4163, Time: 00:55:57

Health: -2/81      AC: 12    Str: 27    XL:     11   Next: 43%
Magic:  6/23       EV: 20    Int: 38    God:    Cheibriados [******]
Gold:   619        SH:  8    Dex: 30    Spells: 8/26 levels left

rFire    . . .     SeeInvis .   a - +2 dagger (elec)
rCold    + . .     Gourm    .   D - +0 buckler
rNeg     . . .     Faith    +   B - +2 leather armour {rC+}
rPois    .         Spirit   .   E - +1 hat {Int+3}
rElec    .         Reflect  .   C - +2 cloak
rCorr    .         Harm     .   G - +0 pair of gloves
MR       .....                  F - +0 pair of boots
Stlth    ++++......             n - amulet of faith
HPRegen  0.23/turn              p - ring of wizardry
MPRegen  0.18/turn              (no ring)

@: very slow
A: distributed training, fangs 1, strong nose
a: Bend Time, Temporal Distortion, Slouch, Step From Time, Renounce Religion


You were on level 2 of the Orcish Mines.
You worshipped Cheibriados.
Cheibriados was exalted by your worship.
You were hungry.

You visited 3 branches of the dungeon, and saw 13 of its levels.
You also visited: Sewer.

You collected 1317 gold pieces.
You spent 698 gold pieces at shops.

Inventory:

Hand Weapons
 a - a +2 dagger of electrocution (weapon)
   (You took it off an orc wizard on level 9 of the Dungeon)
 b - a +0 trident
 O - a +2 rapier of venom
   (You took it off an orc on level 6 of the Dungeon)
Missiles
 g - 65 stones (quivered)
 j - 129 arrows
 Q - 2 throwing nets {!f}
Armour
 e - a +2 robe of magic resistance
   (You found it on level 9 of the Dungeon)
 B - a +2 leather armour of cold resistance (worn)
   (You found it on level 7 of the Dungeon)
 C - a +2 cloak (worn)
 D - a +0 buckler (worn)
 E - a +1 hat of intelligence (worn)
   (You bought it in a shop on level 9 of the Dungeon)
 F - a +0 pair of boots (worn)
 G - a +0 pair of gloves (worn)
Jewellery
 n - an amulet of faith (around neck)
   (You found it on level 2 of the Dungeon)
 p - a ring of wizardry (left hand)
   (You found it on level 4 of the Dungeon)
Wands
 d - a wand of flame (12)
Scrolls
 h - a scroll of magic mapping
 k - 2 scrolls of teleportation
 q - 3 scrolls of enchant weapon
 r - 5 scrolls of remove curse
 u - a scroll of fog
 v - 3 scrolls of blinking
 x - 2 scrolls of fear
 R - a scroll of amnesia
Potions
 m - a potion of cancellation
 s - 4 potions of curing
 w - a potion of flight
 K - a potion of magic
 M - a potion of might
 S - a potion of agility
Books
 o - a book of Callings

   Spells                             Type                      Level
   a - Summon Small Mammal            Summoning                    1
   b - Call Imp                       Summoning                    2
   c - Call Canine Familiar           Summoning                    3
   d - Summon Guardian Golem          Hexes/Summoning              3
   e - Summon Lightning Spire         Summoning/Air                4
   f - Summon Ice Beast               Ice/Summoning                4
 t - a book of Changes
   (You found it on level 4 of the Dungeon)

   Spells                             Type                      Level
   a - Beastly Appendage              Transmutation                1
   b - Sticks to Snakes               Transmutation                2
   c - Spider Form                    Transmutation/Poison         3
   d - Ice Form                       Ice/Transmutation            4
   e - Blade Hands                    Transmutation                5
 J - a book of Frost
   (You found it in a sewer)

   Spells                             Type                      Level
   a - Freeze                         Ice                          1
   b - Throw Frost                    Conjuration/Ice              2
   c - Ozocubu's Armour               Charms/Ice                   3
   d - Throw Icicle                   Conjuration/Ice              4
   e - Summon Ice Beast               Ice/Summoning                4
Comestibles
 c - 14 rations


   Skills:
 + Level 6.2 Fighting
 + Level 6.2 Short Blades
 + Level 6.2 Long Blades
 + Level 6.2 Axes
 + Level 6.2 Maces & Flails
 + Level 6.2 Polearms
 + Level 6.2 Staves
 + Level 6.2 Slings
 + Level 6.2 Bows
 + Level 6.2 Crossbows
 + Level 6.2 Throwing
 + Level 6.2 Armour
 + Level 7.8 Dodging
 + Level 7.5 Stealth
 + Level 6.2 Shields
 + Level 6.2 Unarmed Combat
 + Level 8.0 Spellcasting
 + Level 5.1 Conjurations
 + Level 5.1 Hexes
 + Level 5.1 Charms
 + Level 8.9 Summonings
 + Level 5.1 Necromancy
 + Level 5.1 Translocations
 + Level 5.1 Transmutations
 + Level 5.1 Fire Magic
 + Level 5.1 Ice Magic
 + Level 5.1 Air Magic
 + Level 5.1 Earth Magic
 + Level 5.1 Poison Magic
 + Level 6.8 Invocations
 + Level 6.2 Evocations


You had 8 spell levels left.
You knew the following spells:

 Your Spells              Type           Power        Failure   Level  Hunger
a - Summon Small Mammal   Summ           ####         1%          1    None
c - Call Canine Familiar  Summ           ######..     1%          3    None
h - Blade Hands           Tmut           ######....   3%          5    ###....
i - Call Imp              Summ           ######..     1%          2    None
o - Ozocubu's Armour      Chrm/Ice       ######..     1%          3    None
L - Summon Lightning Spi  Summ/Air       ######..     1%          4    None


Dungeon Overview and Level Annotations

Branches:
Dungeon (10/15)            Temple (1/1) D:4            Lair (0/6) D:9
    Orc (2/2) D:9             Elf (0/3) Orc:2

Altars:
Ashenzari
Cheibriados
Elyvilon
Fedhas
Gozag
Hepliaklqana
Makhleb
Nemelex Xobeh
Okawaru
Qazlal
Sif Muna
Trog
Uskayaw
Wu Jian
Xom
Yredelemnul
Beogh

Shops:
D:4 ?*   D:5 (   D:9 ([[(?

Annotations:
Orc:2 Saint Roka; Thaneod's ghost, journeyman DEFE


Innate Abilities, Weirdness & Mutations

Your experience applies equally to all skills.
You have very sharp teeth.
Your uncanny sense of smell can sniff out nearby items.


Message History

You closely miss the orc. You bite the orc, but do no damage.
The orc is moderately wounded.
Your lightning spire shoots out a bolt of lightning at the orc!
The bolt of electricity hits the orc.
The orc dies!
Cheibriados appreciates the change of pace.
Items here: )) [ † a whip; a battleaxe; a chain mail; an orc corpse The orc warrior shouts!
You hear a shout!
The orc warrior throws a tomahawk.
You block the tomahawk.
The orc warrior throws a tomahawk.
The tomahawk misses you.
You see here 2 tomahawks.
The orc warrior throws a tomahawk.
The tomahawk barely misses you.
The orc warrior throws a tomahawk.
You block the tomahawk.
Items here: ( )) [ † 2 tomahawks; a whip; a battleaxe; a chain mail; an orc corpse Evoke which item? (* to show all) (? for menu, Esc to quit)
Aiming: Throw Flame
Press: ? - help, Shift-Dir - straight line, f - orc warrior
Aim: an orc warrior, wielding a war axe of electrocution and wearing a plate armour The puff of flame hits the orc warrior.
The orc warrior is moderately wounded.
Evoke which item? (* to show all) (? for menu, Esc to quit)
Aiming: Throw Flame
Press: ? - help, Shift-Dir - straight line, f/p - orc warrior
Aim: an orc warrior, wielding a war axe of electrocution and wearing a plate armour (moderately wounded)
The puff of flame hits the orc warrior.
The orc warrior is moderately wounded.
Your lightning spire shoots out a bolt of lightning at the orc warrior!
The bolt of electricity hits the orc warrior.
Throwing (i - inventory. (,) - cycle):
g - 67 stones (quivered)
Press: ? - help, Shift-Dir - straight line, f/p - orc warrior
Aim: an orc warrior, wielding a war axe of electrocution and wearing a plate armour (almost dead)
You throw a stone.
The stone hits the orc warrior but does no damage.
The orc warrior is almost dead.
Throwing (i - inventory. (,) - cycle):
g - 66 stones (quivered)
Press: ? - help, Shift-Dir - straight line, f/p - orc warrior
Aim: an orc warrior, wielding a war axe of electrocution and wearing a plate armour (almost dead)
You throw a stone. The stone hits the orc warrior.
The orc warrior is almost dead.
Your lightning spire shoots out a bolt of lightning at the orc warrior!
The bolt of electricity misses the orc warrior.
Your lightning spire disappears in a puff of smoke!
The orc warrior closely misses you.
An orc comes into view. It is wielding a trident.
Items here: ( )) [ † 2 tomahawks; a whip; a battleaxe; a chain mail; an orc corpse You block the orc warrior's attack.
Casting: Summon Lightning Spire
Confirm with . or Enter, or press ? or * to list all spells.
Aiming: Summon Lightning Spire
Press: ? - help, Dir - move target cursor, p - orc warrior An electric hum fills the air.
The orc warrior shouts!
The warg howls!
The orc shouts!
You hear a shout!
The orc warrior hits you with a war axe of electrocution!
* * * LOW HITPOINT WARNING * * *
You are electrocuted!
* * * LOW HITPOINT WARNING * * *
The orc warrior hits your lightning spire with a war axe of electrocution!
Your lightning spire shoots out a bolt of lightning at the orc warrior!
The bolt of electricity hits the orc warrior.
The orc warrior dies!
Cheibriados thoroughly appreciates the change of pace.
The orc warrior goes into a battle-frenzy!
The orc wizard points at you and mumbles some strange words.
The puff of flame hits you!
* * * LOW HITPOINT WARNING * * *
You block the orc warrior's attack.
Your lightning spire shoots out a bolt of lightning at the orc warrior!
The bolt of electricity hits the orc warrior.
You feel much better.
The orc warrior barely misses your lightning spire.
The orc warrior hits you with a war axe!
* * * LOW HITPOINT WARNING * * *
You can feel time thicken for a moment.
You kill the orc warrior!
Cheibriados appreciates the change of pace.
You kill the orc!
Cheibriados thoroughly appreciates the change of pace.
You kill the orc wizard!
Cheibriados appreciates the change of pace.
You are feeling hungry.
A bolt appears from out of your range of vision.
The bolt hits your lightning spire!!
Your magical contamination has completely faded away.
Your lightning spire shoots out a bolt of lightning at the orc warrior!
The bolt of electricity hits the orc warrior.
The orc warrior dies!
Cheibriados appreciates the change of pace.
Unknown command.
A bolt appears from out of your range of vision.
The bolt hits your lightning spire but does no damage.
Things that are here:
a war axe; a plate armour; an orc corpse The orc knight shoots a bolt.
The bolt hits you but does no damage.
Your lightning spire shoots out a bolt of lightning at the orc knight!
The bolt of electricity hits the orc knight.
The orc knight shoots a bolt.
The bolt hits you!!
You die...

....## #.....[#.##
......#.##.. ...##
##.....###
#.#...###.#. ....#
##....## #####.#.....
##.## ###......#
#....#. ....#
##........### ##.##..
##.## #...........###
###...
####.##.....##....#.#
#.... #
#.......####.)..#
##.#. #
#.....<.##...@.#.#
#### #
####...........######
# #
#..#.......).8....# #
##.#>....).#)####.# #
###.....###(# #
#......##(# #
##.....##(#
#.....##o# .... .o#


You could see an orc knight and a friendly lightning spire.

Vanquished Creatures
  3 two-headed ogres (Orc:1)
  An orc high priest (Orc:2)
  An orc sorcerer (Orc:2)
  A hornet (D:9)
  A hippogriff (D:8)
  2 yaks (D:8)
  The ghost of Gaball the Poker, an amateur MiCK of Xom (D:3)
  2 wargs
  10 orc warriors
  A black bear (D:9)
  A sky beast (D:9)
  2 ice beasts
  A centaur (D:7)
  An ogre (D:7)
  A bullfrog (D:7)
  A scorpion (D:9)
  2 wights (D:9)
  A centaur skeleton (D:9)
  2 hounds
  4 orc priests
  9 orc wizards
  A worker ant (D:4)
  An adder (D:6)
  A gnoll (D:4)
  An adder skeleton (D:4)
  A dart slug (D:3)
  28 orcs
  A ball python (D:6)
  2 bats
  4 giant cockroaches
  3 hobgoblins
  2 jackals
  3 quokkas
  2 frilled lizards (D:4)
  3 goblins
  2 kobolds (Sewer)
  2 rats (D:3)
105 creatures vanquished.

Vanquished Creatures (collateral kills)
  A two-headed ogre (Orc:1)
  An ogre mage (Orc:1)
  An orc high priest (Orc:1)
  The ghost of Gaball the Martial Artist, a novice DsAK of Lugonu (D:7)
  Prince Ribbit (D:6)
  2 yaks (D:8)
  A hungry ghost (D:8)
  2 wargs
  Duvessa (D:7)
  An eye of draining (D:8)
  2 ice beasts
  14 orc warriors
  A phantom (D:6)
  A necrophage (D:5)
  4 ogres
  A crocodile (Sewer)
  A big kobold (D:7)
  A bullfrog (D:9)
  Dowan (D:7)
  3 scorpions
  2 killer bees (D:8)
  2 wights (D:9)
  A howler monkey (D:8)
  A crimson imp (D:7)
  8 orc priests
  A bullfrog skeleton (D:4)
  A gnoll shaman (D:4)
  A hound (D:6)
  12 orc wizards
  An iguana (D:6)
  5 worker ants (D:4)
  4 gnolls (D:4)
  10 adders
  A shadow imp (D:7)
  2 worms
  A dart slug (D:3)
  3 leopard geckos
  43 orcs
  4 giant cockroaches
  2 gnoll zombies (D:6)
  3 goblins
  2 hobgoblins
  6 jackals
  9 kobolds
  2 quokkas
  2 bats (D:1)
  3 frilled lizards
  A jackal skeleton (D:6)
  A leopard gecko zombie (D:6)
  4 rats
179 creatures vanquished.

Grand Total: 284 creatures vanquished

Notes
Turn   | Place    | Note
-------+----------+-------------------------------------------
     0 | D:1      | tidbits the Gnoll Summoner began the quest for the Orb.
     0 | D:1      | Reached XP level 1. HP: 13/13 MP: 6/6
    26 | D:1      | HP: 1/13 [goblin/dagger (3)]
   135 | D:1      | Reached XP level 2. HP: 7/19 MP: 4/7
   140 | D:1      | Learned a level 2 spell: Call Imp
   241 | D:2      | Reached XP level 3. HP: 12/25 MP: 2/9
   246 | D:2      | Learned a level 3 spell: Call Canine Familiar
   291 | D:2      | Reached skill level 5 in Spellcasting
   647 | D:3      | Reached skill level 1 in Invocations
   725 | D:3      | Noticed Gaball's ghost (amateur MiCK)
   730 | D:3      | Reached skill level 1 in Fighting
   730 | D:3      | Reached skill level 1 in Short Blades
   730 | D:3      | Reached skill level 1 in Long Blades
   730 | D:3      | Reached skill level 1 in Axes
   730 | D:3      | Reached skill level 1 in Maces & Flails
   730 | D:3      | Reached skill level 1 in Polearms
   730 | D:3      | Reached skill level 1 in Staves
   730 | D:3      | Reached skill level 1 in Slings
   730 | D:3      | Reached skill level 1 in Bows
   730 | D:3      | Reached skill level 1 in Crossbows
   730 | D:3      | Reached skill level 1 in Throwing
   730 | D:3      | Reached skill level 1 in Armour
   730 | D:3      | Reached skill level 1 in Shields
   730 | D:3      | Reached skill level 1 in Unarmed Combat
   730 | D:3      | Reached skill level 1 in Evocations
   782 | D:3      | Killed Gaball's ghost
   782 | D:3      | Reached skill level 1 in Conjurations
   782 | D:3      | Reached skill level 1 in Hexes
   782 | D:3      | Reached skill level 1 in Charms
   782 | D:3      | Reached skill level 1 in Necromancy
   782 | D:3      | Reached skill level 1 in Translocations
   782 | D:3      | Reached skill level 1 in Transmutations
   782 | D:3      | Reached skill level 1 in Fire Magic
   782 | D:3      | Reached skill level 1 in Ice Magic
   782 | D:3      | Reached skill level 1 in Air Magic
   782 | D:3      | Reached skill level 1 in Earth Magic
   782 | D:3      | Reached skill level 1 in Poison Magic
   782 | D:3      | Reached XP level 4. HP: 28/32 MP: 1/11
   782 | D:3      | Reached XP level 5. HP: 33/37 MP: 1/12
   788 | D:3      | Learned a level 4 spell: Summon Lightning Spire
  1076 | D:4      | Found Aryedy's Elemental Accessories.
  1094 | D:5      | Entered Level 5 of the Dungeon
  1150 | D:5      | Noticed a necrophage
  1166 | D:5      | Killed a necrophage
  1166 | D:5      | Reached skill level 2 in Invocations
  1166 | D:5      | Reached XP level 6. HP: 44/44 MP: 8/13
  1192 | D:5      | Found Palor's Antique Weapon Emporium.
  1268 | D:4      | Reached skill level 2 in Fighting
  1268 | D:4      | Reached skill level 2 in Short Blades
  1268 | D:4      | Reached skill level 2 in Long Blades
  1268 | D:4      | Reached skill level 2 in Axes
  1268 | D:4      | Reached skill level 2 in Maces & Flails
  1268 | D:4      | Reached skill level 2 in Polearms
  1268 | D:4      | Reached skill level 2 in Staves
  1268 | D:4      | Reached skill level 2 in Slings
  1268 | D:4      | Reached skill level 2 in Bows
  1268 | D:4      | Reached skill level 2 in Crossbows
  1268 | D:4      | Reached skill level 2 in Throwing
  1268 | D:4      | Reached skill level 2 in Armour
  1268 | D:4      | Reached skill level 5 in Dodging
  1268 | D:4      | Reached skill level 2 in Shields
  1268 | D:4      | Reached skill level 2 in Unarmed Combat
  1268 | D:4      | Reached skill level 2 in Evocations
  1283 | D:4      | Noticed a phantom
  1328 | D:4      | Noticed an ice beast
  1387 | D:4      | HP: 3/44 [phantom (7)]
  1424 | D:4      | Found Kiyruew's Magic Scroll Boutique.
  1429 | D:4      | Bought a scroll of fog for 26 gold pieces
  1429 | D:4      | Bought a scroll of blinking for 97 gold pieces
  1429 | D:4      | Bought a scroll of remove curse for 39 gold pieces
  1429 | D:4      | Bought a scroll of fear for 45 gold pieces
  1607 | D:4      | Found a staircase to the Ecumenical Temple.
  1616 | Temple   | Entered the Ecumenical Temple
  1628 | Temple   | Became a worshipper of Cheibriados the Contemplative
  1652 | D:4      | Reached XP level 7. HP: 41/50 MP: 8/15
  1900 | D:5      | Found an iron altar of Okawaru.
  2053 | D:5      | Reached * piety under Cheibriados
  2107 | D:6      | Reached skill level 2 in Conjurations
  2107 | D:6      | Reached skill level 2 in Hexes
  2107 | D:6      | Reached skill level 2 in Charms
  2107 | D:6      | Reached skill level 2 in Necromancy
  2107 | D:6      | Reached skill level 2 in Translocations
  2107 | D:6      | Reached skill level 2 in Transmutations
  2107 | D:6      | Reached skill level 2 in Fire Magic
  2107 | D:6      | Reached skill level 2 in Ice Magic
  2107 | D:6      | Reached skill level 2 in Air Magic
  2107 | D:6      | Reached skill level 2 in Earth Magic
  2107 | D:6      | Reached skill level 2 in Poison Magic
  2192 | D:6      | Noticed Prince Ribbit
  2197 | D:6      | Killed Prince Ribbit
  2197 | D:6      | Reached skill level 5 in Stealth
  2197 | D:6      | Reached skill level 3 in Invocations
  2236 | D:6      | Found a basalt altar of Yredelemnul.
  2304 | D:6      | Found a glowing drain.
  2309 | D:6      | Reached ** piety under Cheibriados
  2327 | Sewer    | Entered a sewer
  2381 | Sewer    | Reached XP level 8. HP: 54/57 MP: 11/16
  2458 | D:6      | Found a hazy altar of Hepliaklqana.
  2514 | D:6      | Reached skill level 3 in Fighting
  2514 | D:6      | Reached skill level 3 in Short Blades
  2514 | D:6      | Reached skill level 3 in Long Blades
  2514 | D:6      | Reached skill level 3 in Axes
  2514 | D:6      | Reached skill level 3 in Maces & Flails
  2514 | D:6      | Reached skill level 3 in Polearms
  2514 | D:6      | Reached skill level 3 in Staves
  2514 | D:6      | Reached skill level 3 in Slings
  2514 | D:6      | Reached skill level 3 in Bows
  2514 | D:6      | Reached skill level 3 in Crossbows
  2514 | D:6      | Reached skill level 3 in Throwing
  2514 | D:6      | Reached skill level 3 in Armour
  2514 | D:6      | Reached skill level 3 in Shields
  2514 | D:6      | Reached skill level 3 in Unarmed Combat
  2514 | D:6      | Reached skill level 3 in Evocations
  2571 | D:7      | Reached *** piety under Cheibriados
  2615 | D:7      | Reached skill level 6 in Spellcasting
  2637 | D:7      | Found a stormy altar of Qazlal.
  2759 | D:7      | Noticed Gaball's ghost (novice DsAK)
  2767 | D:7      | Killed Gaball's ghost
  2767 | D:7      | Reached skill level 6 in Dodging
  2767 | D:7      | Reached skill level 3 in Conjurations
  2767 | D:7      | Reached skill level 3 in Hexes
  2767 | D:7      | Reached skill level 3 in Charms
  2767 | D:7      | Reached skill level 3 in Necromancy
  2767 | D:7      | Reached skill level 3 in Translocations
  2767 | D:7      | Reached skill level 3 in Transmutations
  2767 | D:7      | Reached skill level 3 in Fire Magic
  2767 | D:7      | Reached skill level 3 in Ice Magic
  2767 | D:7      | Reached skill level 3 in Air Magic
  2767 | D:7      | Reached skill level 3 in Earth Magic
  2767 | D:7      | Reached skill level 3 in Poison Magic
  2767 | D:7      | Reached skill level 4 in Invocations
  2767 | D:7      | Reached XP level 9. HP: 30/65 MP: 8/18
  2813 | D:7      | Noticed Duvessa
  2813 | D:7      | Noticed Dowan
  2815 | D:7      | Killed Dowan
  2820 | D:7      | Killed Duvessa
  2834 | D:7      | Found an opulent altar of Gozag.
  2834 | D:7      | Found an ornate altar of the Wu Jian Council.
  2884 | D:8      | Reached **** piety under Cheibriados
  2885 | D:8      | Reached skill level 4 in Fighting
  2885 | D:8      | Reached skill level 4 in Short Blades
  2885 | D:8      | Reached skill level 4 in Long Blades
  2885 | D:8      | Reached skill level 4 in Axes
  2885 | D:8      | Reached skill level 4 in Maces & Flails
  2885 | D:8      | Reached skill level 4 in Polearms
  2885 | D:8      | Reached skill level 4 in Staves
  2885 | D:8      | Reached skill level 4 in Slings
  2885 | D:8      | Reached skill level 4 in Bows
  2885 | D:8      | Reached skill level 4 in Crossbows
  2885 | D:8      | Reached skill level 4 in Throwing
  2885 | D:8      | Reached skill level 4 in Armour
  2885 | D:8      | Reached skill level 4 in Shields
  2885 | D:8      | Reached skill level 4 in Unarmed Combat
  2885 | D:8      | Reached skill level 4 in Evocations
  2909 | D:8      | Found a sparkling altar of Nemelex Xobeh.
  2938 | D:8      | Reached skill level 6 in Stealth
  2938 | D:8      | Reached skill level 8 in Summonings
  3080 | D:9      | Found Epreethoshro's Magic Scroll Emporium.
  3087 | D:9      | Bought a scroll of magic mapping for 42 gold pieces
  3087 | D:9      | Bought a scroll of teleportation for 36 gold pieces
  3087 | D:9      | Bought a scroll of fear for 42 gold pieces
  3088 | D:9      | Bought a scroll of noise for 12 gold pieces
  3131 | D:9      | Found Kuqe's Antique Armour Emporium.
  3150 | D:9      | Reached skill level 5 in Invocations
  3160 | D:9      | Reached ***** piety under Cheibriados
  3171 | D:9      | Found Giaco's Antique Weapon Shop.
  3184 | D:9      | Found a staircase to the Lair.
  3215 | D:10     | Entered Level 10 of the Dungeon
  3225 | D:9      | Found a staircase to the Orcish Mines.
  3228 | D:9      | Reached XP level 10. HP: 28/73 MP: 15/20
  3231 | D:9      | Reached skill level 7 in Spellcasting
  3237 | D:9      | Reached skill level 4 in Conjurations
  3237 | D:9      | Reached skill level 4 in Hexes
  3237 | D:9      | Reached skill level 4 in Charms
  3237 | D:9      | Reached skill level 4 in Necromancy
  3237 | D:9      | Reached skill level 4 in Translocations
  3237 | D:9      | Reached skill level 4 in Transmutations
  3237 | D:9      | Reached skill level 4 in Fire Magic
  3237 | D:9      | Reached skill level 4 in Ice Magic
  3237 | D:9      | Reached skill level 4 in Air Magic
  3237 | D:9      | Reached skill level 4 in Earth Magic
  3237 | D:9      | Reached skill level 4 in Poison Magic
  3271 | D:9      | Learned a level 3 spell: Ozocubu's Armour
  3277 | D:9      | Learned a level 5 spell: Blade Hands
  3302 | D:9      | Found Vixepunt's Weapon Boutique.
  3353 | Orc:1    | Entered Level 1 of the Orcish Mines
  3408 | Orc:1    | Noticed a two-headed ogre
  3413 | Orc:1    | Noticed an ogre mage
  3414 | Orc:1    | Noticed a two-headed ogre
  3414 | Orc:1    | Noticed a two-headed ogre
  3415 | Orc:1    | Noticed a two-headed ogre
  3415 | Orc:1    | Killed a two-headed ogre
  3415 | Orc:1    | Reached skill level 5 in Fighting
  3415 | Orc:1    | Reached skill level 5 in Short Blades
  3415 | Orc:1    | Reached skill level 5 in Long Blades
  3415 | Orc:1    | Reached skill level 5 in Axes
  3415 | Orc:1    | Reached skill level 5 in Maces & Flails
  3415 | Orc:1    | Reached skill level 5 in Polearms
  3415 | Orc:1    | Reached skill level 5 in Staves
  3415 | Orc:1    | Reached skill level 5 in Slings
  3415 | Orc:1    | Reached skill level 5 in Bows
  3415 | Orc:1    | Reached skill level 5 in Crossbows
  3415 | Orc:1    | Reached skill level 5 in Throwing
  3415 | Orc:1    | Reached skill level 5 in Armour
  3415 | Orc:1    | Reached skill level 5 in Shields
  3415 | Orc:1    | Reached skill level 5 in Unarmed Combat
  3415 | Orc:1    | Reached skill level 5 in Evocations
  3419 | Orc:1    | Killed an ogre mage
  3419 | Orc:1    | Reached skill level 7 in Dodging
  3420 | Orc:1    | Killed a two-headed ogre
  3421 | Orc:1    | Killed a two-headed ogre
  3421 | Orc:1    | Reached skill level 6 in Invocations
  3424 | Orc:1    | Killed a two-headed ogre
  3424 | Orc:1    | Reached skill level 7 in Stealth
  3514 | Orc:1    | Noticed an orc high priest
  3517 | Orc:1    | Killed an orc high priest
  3517 | Orc:1    | Reached XP level 11. HP: 37/81 MP: 12/22
  3602 | Orc:2    | Entered Level 2 of the Orcish Mines
  3656 | Orc:2    | Found a staircase to the Elven Halls.
  3768 | Orc:2    | Noticed an orc high priest
  3770 | Orc:2    | Reached ****** piety under Cheibriados
  3773 | Orc:2    | Killed an orc high priest
  3777 | Orc:2    | Reached skill level 6 in Fighting
  3777 | Orc:2    | Reached skill level 6 in Short Blades
  3777 | Orc:2    | Reached skill level 6 in Long Blades
  3777 | Orc:2    | Reached skill level 6 in Axes
  3777 | Orc:2    | Reached skill level 6 in Maces & Flails
  3777 | Orc:2    | Reached skill level 6 in Polearms
  3777 | Orc:2    | Reached skill level 6 in Staves
  3777 | Orc:2    | Reached skill level 6 in Slings
  3777 | Orc:2    | Reached skill level 6 in Bows
  3777 | Orc:2    | Reached skill level 6 in Crossbows
  3777 | Orc:2    | Reached skill level 6 in Throwing
  3777 | Orc:2    | Reached skill level 6 in Armour
  3777 | Orc:2    | Reached skill level 6 in Shields
  3777 | Orc:2    | Reached skill level 6 in Unarmed Combat
  3777 | Orc:2    | Reached skill level 6 in Evocations
  3786 | Orc:2    | Noticed an orc sorcerer
  3805 | Orc:2    | Reached skill level 5 in Conjurations
  3805 | Orc:2    | Reached skill level 5 in Hexes
  3805 | Orc:2    | Reached skill level 5 in Charms
  3805 | Orc:2    | Reached skill level 5 in Necromancy
  3805 | Orc:2    | Reached skill level 5 in Translocations
  3805 | Orc:2    | Reached skill level 5 in Transmutations
  3805 | Orc:2    | Reached skill level 5 in Fire Magic
  3805 | Orc:2    | Reached skill level 5 in Ice Magic
  3805 | Orc:2    | Reached skill level 5 in Air Magic
  3805 | Orc:2    | Reached skill level 5 in Earth Magic
  3805 | Orc:2    | Reached skill level 5 in Poison Magic
  3828 | Orc:2    | Killed an orc sorcerer
  3833 | Orc:2    | Noticed Saint Roka
  3834 | Orc:2    | Reached skill level 8 in Spellcasting
  3839 | Orc:2    | Noticed an orc knight
  3840 | Orc:2    | Noticed Thaneod's ghost (journeyman DEFE)
  3843 | Orc:2    | Found a roughly hewn altar of Beogh.
  3945 | D:9      | Found Neaz's Armour Shop.
  3957 | D:9      | Bought a +1 hat of intelligence for 224 gold pieces
  3957 | D:9      | Bought a +0 pair of gloves for 63 gold pieces
  4017 | D:9      | Bought a scroll of identify for 24 gold pieces
  4017 | D:9      | Bought a scroll of identify for 24 gold pieces
  4017 | D:9      | Bought a scroll of identify for 24 gold pieces
  4156 | Orc:2    | HP: 6/81 [orc warrior/war axe of electrocution (14)]
  4163 | Orc:2    | Shot with a bolt by an orc knight

Vault maps used:
D:1:      dpeg_arrival_windows_large_door, minmay_pentomino_t2
D:4:      minmay_temple_entry_nine_rooms, serial_shops, nicolae_shop_crystal,
          first_ration, nicolae_elemental_shop
D:5:      nicolae_overflow_hidden_temple, serial_shops, nicolae_shop_stone
D:6:      lemuel_coloured_pillars_altar, lemuel_zombie_altar_yredelemnul,
          portal_sewer_entry_b, uniq_prince_ribbit1
D:7:      kennysheep_mini, gammafunk_temple_overflow_elements, grunt_ogre_cave,
          uniq_duvessa
D:8:      kennysheep_little_box, uniq_joseph
D:9:      lemuel_doored_altar, erik_lair_orcish_takeover, orc_david_3,
          serial_shops, shop, nicolae_shop_crystal, kennysheep_mini_moat, shop,
          nicolae_shop_stone, david_defended_altar_elf
D:10:     serial_shops, shop_coins, enter_trove_1, fedhas_altar_1
Temple:   nicolae_temple_great_sept
Orc:1:    rock_pile
Orc:2:    grunt_orc_community_town_hall, grunt_orc_community_big_house_2,
          grunt_orc_community_big_house_2, grunt_orc_community_house_3,
          grunt_orc_community_house_2, grunt_orc_community_house_2,
          grunt_orc_community_house_2, basic_altar
Sewer:    sewer_the_crocodile

Skill      XL: |  1  2  3  4  5  6  7  8  9 10 11 |
---------------+----------------------------------+-----
Spellcasting   | 5 6 7 8 |  8.0
Invocations    | 1 2 3 4 5 6 |  6.8
Fighting       | 1 2 3 4 5 6 |  6.2
Short Blades   | 1 2 3 4 5 6 |  6.2
Long Blades    | 1 2 3 4 5 6 |  6.2
Axes           | 1 2 3 4 5 6 |  6.2
Maces & Flails | 1 2 3 4 5 6 |  6.2
Polearms       | 1 2 3 4 5 6 |  6.2
Staves         | 1 2 3 4 5 6 |  6.2
Slings         | 1 2 3 4 5 6 |  6.2
Bows           | 1 2 3 4 5 6 |  6.2
Crossbows      | 1 2 3 4 5 6 |  6.2
Throwing       | 1 2 3 4 5 6 |  6.2
Armour         | 1 2 3 4 5 6 |  6.2
Shields        | 1 2 3 4 5 6 |  6.2
Unarmed Combat | 1 2 3 4 5 6 |  6.2
Evocations     | 1 2 3 4 5 6 |  6.2
Conjurations   | 1 2 3 4 5 |  5.1
Hexes          | 1 2 3 4 5 |  5.1
Charms         | 1 2 3 4 5 |  5.1
Necromancy     | 1 2 3 4 5 |  5.1
Translocations | 1 2 3 4 5 |  5.1
Transmutations | 1 2 3 4 5 |  5.1
Fire Magic     | 1 2 3 4 5 |  5.1
Ice Magic      | 1 2 3 4 5 |  5.1
Air Magic      | 1 2 3 4 5 |  5.1
Earth Magic    | 1 2 3 4 5 |  5.1
Poison Magic   | 1 2 3 4 5 |  5.1
Dodging        | 5 6 7 |  7.8
Stealth        | 5 6 7 |  7.5
Summonings     | 8 |  8.9

Action                   |  1- 3 |  4- 6 |  7- 9 | 10-12 || total
-------------------------+-------+-------+-------+-------++-------
Melee: Whip              |     1 |       |       |       ||     1
       Dagger            |    11 |       |    62 |    90 ||   163
       Bite              |     3 |     3 |    23 |    16 ||    45
       Trident           |    34 |    85 |    45 |       ||   164
       Unarmed           |     5 |       |       |    12 ||    17
       Short sword       |       |     4 |       |       ||     4
       Rapier            |       |       |    13 |       ||    13
       Punch             |       |       |       |     2 ||     2
Throw: Stone             |       |     1 |     2 |     8 ||    11
       Tomahawk          |       |       |    14 |    13 ||    27
 Cast: Summon Small Mamm |    17 |     1 |       |       ||    18
       Call Imp          |     5 |     4 |     2 |       ||    11
       Call Canine Famil |     7 |    13 |     6 |     1 ||    27
       Summon Lightning  |       |     5 |    35 |    23 ||    63
       Blade Hands       |       |       |       |     4 ||     4
       Ozocubu's Armour  |       |       |       |     2 ||     2
Invok: Slouch            |       |       |       |     3 ||     3
 Abil: End Transformatio |       |       |       |     2 ||     2
Evoke: Wand              |       |       |     3 |    20 ||    23
  Use: Potion            |     4 |     3 |     1 |     2 ||    10
       Scroll            |       |     4 |     7 |     8 ||    19
 Stab: Sleeping          |     1 |     5 |     3 |       ||     9
       Distracted        |     1 |     2 |     6 |     4 ||    13
       Invisible         |       |       |       |     3 ||     3
  Eat: Chunk             |       |     4 |     4 |     3 ||    11
       Ration            |       |       |     1 |       ||     1
Armor: Robe              |     9 |    14 |    24 |       ||    47
       Skin              |     4 |       |       |       ||     4
       Leather armour    |       |       |    11 |    18 ||    29
Dodge: Dodged            |    31 |    45 |    76 |    75 ||   227
Block: Buckler           |     3 |    10 |    26 |    29 ||    68

Table legend:
 A = Spawn XP
 B = Non-spawn XP
 C = Spawn XP percentage of total XP
 D = Spawn monster count
 E = Non-spawn monster count
 F = Spawn count percentage of total count
 G = Total turns spent on level
                    A         B        C        D         E        F      G
               +---------+---------+-------+---------+---------+-------+---------
         Total |       0 |   13223 |   0.0 |       0 |     284 |   0.0 |  4163
               +---------+---------+-------+---------+---------+-------+---------
           D:1 |       0 |      12 |   0.0 |       0 |      11 |   0.0 |   190
           D:2 |       0 |      43 |   0.0 |       0 |      12 |   0.0 |   443
           D:3 |       0 |     203 |   0.0 |       0 |      23 |   0.0 |   500
           D:4 |       0 |     448 |   0.0 |       0 |      34 |   0.0 |   594
           D:5 |       0 |      94 |   0.0 |       0 |       8 |   0.0 |   325
           D:6 |       0 |     646 |   0.0 |       0 |      32 |   0.0 |   355
           D:7 |       0 |    1246 |   0.0 |       0 |      22 |   0.0 |   341
           D:8 |       0 |    1142 |   0.0 |       0 |      15 |   0.0 |   204
           D:9 |       0 |    1564 |   0.0 |       0 |      30 |   0.0 |   397
         Orc:1 |       0 |    4475 |   0.0 |       0 |      23 |   0.0 |   334
         Orc:2 |       0 |    3291 |   0.0 |       0 |      68 |   0.0 |   350
         Sewer |       0 |      59 |   0.0 |       0 |       6 |   0.0 |   103
               +---------+---------+-------+---------+---------+-------+---------

Table legend:
 A = Turns spent in this place as a percentage of turns spent in the entire game.
 B = Non-inter-level travel turns spent in this place as a percentage of non-inter-level travel turns spent in the entire game.
 C = Inter-level travel turns spent in this place as a percentage of turns spent in this place.
 D = Turns resting spent in this place as a percentage of non-inter-level travel turns spent in this place.
 E = Turns spent auto-exploring this place as a percentage of non-inter-level travel turns spent in this place.
 F = Non-inter-level travel turns spent in this place divided by the number of levels of this place that you've seen.
                   A       B       C       D       E      F
               +-------+-------+-------+-------+-------+----------------------
         Total | 100.0 | 100.0 |   4.3 |   0.0 |   0.0 | 284.4
       Dungeon |  80.5 |  80.3 |   4.6 |   0.0 |   0.0 | 319.8
        Temple |   0.6 |   0.4 |  40.0 |   0.0 |   0.0 |  15.0
  Orcish Mines |  16.4 |  16.7 |   2.6 |   0.0 |   0.0 | 333.0
         Sewer |   2.5 |   2.6 |   0.0 |   0.0 |   0.0 | 103.0
               +-------+-------+-------+-------+-------+----------------------

Table legend:
 A = Kills in this place as a percentage of kills in entire the game.
 B = Kills by you in this place as a percentage of kills by you in the entire game.
 C = Kills by friends in this place as a percentage of kills by friends in the entire game.
 D = Other kills in this place as a percentage of other kills in the entire game.
 E = Experience gained in this place as a percentage of experience gained in the entire game.
 F = Experience gained in this place divided by the number of levels of this place that you have seen.
                   A       B       C       D       E      F
               +-------+-------+-------+-------+-------+----------------------
         Total | 100.0 | 100.0 | 100.0 |   N/A | 100.0 | 944.5
       Dungeon |  65.8 |  53.3 |  73.2 |   N/A |  40.8 | 539.8
  Orcish Mines |  32.0 |  43.8 |  25.1 |   N/A |  58.7 | 3883.0
         Sewer |   2.1 |   2.9 |   1.7 |   N/A |   0.4 |  59.0
               +-------+-------+-------+-------+-------+----------------------

Vault maps used:
D:1:      dpeg_arrival_windows_large_door, minmay_pentomino_t2
D:4:      minmay_temple_entry_nine_rooms, serial_shops, nicolae_shop_crystal,
          first_ration, nicolae_elemental_shop
D:5:      nicolae_overflow_hidden_temple, serial_shops, nicolae_shop_stone
D:6:      lemuel_coloured_pillars_altar, lemuel_zombie_altar_yredelemnul,
          portal_sewer_entry_b, uniq_prince_ribbit1
D:7:      kennysheep_mini, gammafunk_temple_overflow_elements, grunt_ogre_cave,
          uniq_duvessa
D:8:      kennysheep_little_box, uniq_joseph
D:9:      lemuel_doored_altar, erik_lair_orcish_takeover, orc_david_3,
          serial_shops, shop, nicolae_shop_crystal, kennysheep_mini_moat, shop,
          nicolae_shop_stone, david_defended_altar_elf
D:10:     serial_shops, shop_coins, enter_trove_1, fedhas_altar_1
Temple:   nicolae_temple_great_sept
Orc:1:    rock_pile
Orc:2:    grunt_orc_community_town_hall, grunt_orc_community_big_house_2,
          grunt_orc_community_big_house_2, grunt_orc_community_house_3,
          grunt_orc_community_house_2, grunt_orc_community_house_2,
          grunt_orc_community_house_2, basic_altar
Sewer:    sewer_the_crocodile
